 Dungeon Crawl Stone Soup version 0.23-a0-358-g98c7a59 (webtiles) character file.

7967 Faust the Thaumaturge (level 11, -4/56 HPs)
             Began as a Deep Elf Conjurer on Oct 17, 2018.
             Was a Priest of Vehumet.
             Slain by a troll (5 damage)
             ... on level 11 of the Dungeon on Oct 22, 2018.
             The game lasted 02:15:28 (15060 turns).

Faust the Thaumaturge (Deep Elf Conjurer)          Turns: 15060, Time: 02:15:29

Health: -4/56      AC:  6    Str:  5      XL:     11   Next: 3%
Magic:  30/31      EV: 15    Int: 27 (28) God:    Vehumet [***...]
Gold:   715        SH:  0    Dex: 14 (15) Spells: 8/38 levels left

rFire    . . .     SeeInvis .   E - staff of summoning
rCold    . . .     Gourm    .   (no shield)
rNeg     . . .     Faith    .   a - +2 robe
rPois    .         Spirit   .   g - +0 helmet
rElec    .         Reflect  .   l - +0 cloak
rCorr    .         Harm     .   (no gloves)
MR       +++..                  (no boots)
Stlth    +++.......             (no amulet)
HPRegen  0.18/turn              p - ring of protection from magic
MPRegen  0.22/turn              j - +4 ring of intelligence

@: very slightly contaminated
A: talons 1, deterioration 1, magic resistance 1, evolution 1
a: Renounce Religion


You were on level 11 of the Dungeon.
You worshipped Vehumet.
Vehumet was most pleased with you.
You were not hungry.

You visited 3 branches of the dungeon, and saw 13 of its levels.
You also visited: Ossuary.

You collected 715 gold pieces.

Inventory:

Hand Weapons
 r - a +4 quarterstaff of chaos
Missiles
 c - 2 tomahawks of dispersal
 t - 6 throwing nets (quivered)
Armour
 a - a +2 robe (worn)
 g - a +0 helmet (worn)
 l - a +0 cloak (worn)
Magical Staves
 E - an uncursed staff of summoning (weapon)
Jewellery
 i - an uncursed ring of resist corrosion
 j - a +4 ring of intelligence (right hand)
 p - a ring of protection from magic (left hand)
Wands
 d - a wand of scattershot (3)
 o - a wand of paralysis (12)
 q - a wand of disintegration (17)
 y - a wand of flame (33)
 A - a wand of acid (13)
 D - a wand of clouds (3)
Scrolls
 k - 6 scrolls of identify
 m - 5 scrolls of immolation
 u - a scroll of vulnerability {unknown}
 v - a scroll of summoning {unknown}
 w - a scroll of magic mapping
 x - 5 scrolls of remove curse
 B - a scroll of amnesia
Potions
 b - 3 potions of agility
 e - 2 potions of curing
 f - 8 potions of might
 h - 2 potions of lignification
 n - 2 potions of haste
 C - a potion of heal wounds
Comestibles
 z - 13 rations


   Skills:
 - Level 1.4 Fighting
 - Level 3.0 Staves
 + Level 5.9 Dodging
 + Level 5.7 Stealth
 + Level 0.4 Unarmed Combat
 + Level 14.2 Spellcasting
 + Level 10.0 Conjurations
 + Level 2.7 Hexes
 + Level 5.3 Summonings
 + Level 2.8 Translocations
 + Level 1.9 Fire Magic
 + Level 0.4 Air Magic
 + Level 1.2 Poison Magic


You had 8 spell levels left.
You knew the following spells:

 Your Spells              Type           Power        Failure   Level  Hunger
a - Magic Dart            Conj           ####         1%          1    None
b - Searing Ray           Conj           ######       1%          2    None
c - Dazzling Spray        Conj/Hex       ######       1%          3    None
d - Iskenderun's Mystic   Conj           ######..     1%          4    None
e - Fulminant Prism       Conj/Hex       ######....   1%          4    None
f - Force Lance           Conj/Tloc      ######..     1%          4    None
g - Blink                 Tloc           N/A          1%          2    None
h - Call Imp              Summ           ######..     1%          2    None
i - Conjure Flame         Conj/Fire      ######..     1%          3    None
j - Mephitic Cloud        Conj/Pois/Air  #####...     1%          3    None
k - Throw Flame           Conj/Fire      ######       1%          2    None

Your spell library contained the following spells:

 Spells                   Type           Power        Failure   Level  Hunger
 Stone Arrow              Conj/Erth      #####.       1%          3    None
 Confusing Touch          Hex            ####..       1%          1    None
 Slow                     Hex            ####....     1%          2    None
 Confuse                  Hex            ####....     2%          3    None
 Gell's Gravitas          Tloc           ####......   2%          3    None
 Poisonous Vapours        Pois/Air       ###...       3%          2    None
 Yara's Violent Unravell  Hex/Tmut       ####......   12%         5    #......
 Freezing Cloud           Conj/Ice/Air   #####.....   26%         6    ####...
 Petrify                  Tmut/Erth      ###.....     28%         4    None
 Metabolic Englaciation   Hex/Ice        ####......   41%         5    #......
 Ring of Flames           Chrm/Fire      ###.......   100%        7    ######.


Dungeon Overview and Level Annotations

Branches:
Dungeon (11/15)            Temple (1/1) D:4            Lair (0/6) D:9
    Orc (1/2) D:10

Altars:
Ashenzari
Cheibriados
Dithmenos
Fedhas
Gozag
Hepliaklqana
Makhleb
Nemelex Xobeh
Okawaru
Qazlal
Ru
Sif Muna
Trog
Uskayaw
Vehumet
Xom
Yredelemnul
Zin
The Shining One

Annotations:
D:7 4 runed doors
D:8 1 runed door, edsrzf's ghost, novice TrAr
D:9 1 runed door, NervFog's ghost, journeyman TeAE


Innate Abilities, Weirdness & Mutations

You have sharp toenails.
Your body sometimes deteriorates upon taking damage.
You are resistant to hostile enchantments. (MR+)
You evolve.


Message History

The searing ray misses the troll.
You finish channeling your searing ray.
The troll misses you. The troll claws you. x2
* * * LOW HITPOINT WARNING * * *
Okay, then.
Blink to where?
Press: ? - help, Dir - move target cursor, p - troll You are very lightly contaminated with residual magic.
As you read the scroll of blinking, it crumbles to dust.
Found 27 stones.
The troll is too close now for your liking.
Okay, then.
The troll misses you. The troll barely misses you. The troll claws you!
* * * LOW HITPOINT WARNING * * *
Your body deteriorates!
You feel clumsy. The troll bites you.
* * * LOW HITPOINT WARNING * * *
The troll claws you!
* * * LOW HITPOINT WARNING * * *
The troll claws you.
You die...

.#.###...###....#...#........#
.#T#..........).....#......#.#
...#.#########.###.....###.#.#
## ####.# #.###..##.###.#.###.
#.#########.............#.....
#...#.....##.##.###.#########.
###.#.###.##........# ## #.#.#
#.###.#.##### #####.#.# #.#
#@#.# #.....#.# #.###.T.####
#.#####.# #..<#......# #.# #.#
##......##.# #.# #.#
#.........# ##.#
#.####.....>...# ...#
#....#.........# ##.#
####.#........####### ###
###.#..............#


You could see a troll.

Vanquished Creatures
  Harold (D:8)
  Joseph (D:10)
  A gargoyle (D:11)
  4 yaks (D:10)
  A wyvern (D:10)
  2 hungry ghosts
  Duvessa (D:5)
  3 water moccasins
  3 ice beasts
  2 sky beasts
  An orc warrior (D:7)
  2 black bears
  4 phantoms
  5 ogres
  2 centaurs
  A big kobold (D:8)
  7 bullfrogs
  6 scorpions
  A water moccasin skeleton (D:5)
  Dowan (D:5)
  11 killer bees
  6 howler monkeys
  4 crimson imps
  3 human zombies (Ossuary)
  A quasit (D:9)
  A bullfrog zombie (D:6)
  3 orc priests
  A centaur skeleton (D:11)
  4 hounds
  4 jellies
  A bullfrog skeleton (D:4)
  Crazy Yiuf (D:3)
  2 iguanas
  10 worker ants
  5 orc wizards
  A big kobold zombie (Ossuary)
  A hound zombie (D:5)
  A hound skeleton (D:7)
  4 mummies (Ossuary)
  A worker ant zombie (D:5)
  A howler monkey zombie (D:11)
  Robin (D:3)
  3 gnolls (D:3)
  12 adders
  2 shadow imps
  5 oozes (D:9)
  4 adder skeletons
  A worm (D:4)
  4 dart slugs
  5 leopard geckos
  22 orcs
  A ball python (D:1)
  7 giant cockroaches
  11 goblins
  10 hobgoblins
  2 jackals
  13 kobolds
  5 quokkas
  6 bats
  3 frilled lizards
  A goblin zombie (Ossuary)
  2 kobold zombies (Ossuary)
  A leopard gecko skeleton (D:4)
  A leopard gecko zombie (D:8)
  An orc zombie (Ossuary)
  10 rats
  A fungus (D:1)
  A toadstool (D:1)
250 creatures vanquished.

Vanquished Creatures (collateral kills)
  Erica (D:9)
  A steam dragon (D:10)
  4 howler monkeys
  A hound (D:8)
  A leopard gecko (D:8)
  2 orcs
10 creatures vanquished.

Vanquished Creatures (others)
  19 fulminant prisms
  2 toadstools (D:1)
21 creatures vanquished.

Grand Total: 281 creatures vanquished

Notes
Turn   | Place    | Note
-------+----------+-------------------------------------------
     0 | D:1      | Faust the Deep Elf Conjurer began the quest for the Orb.
     0 | D:1      | Reached XP level 1. HP: 10/10 MP: 6/6
   115 | D:1      | Reached XP level 2. HP: 15/15 MP: 4/8
   119 | D:1      | Learned a level 2 spell: Searing Ray
   169 | D:1      | Upgraded the game from 0.23-a0-336-g43d87f4 to
                  | 0.23-a0-339-gbd7f2c8
   410 | D:1      | Reached skill level 5 in Conjurations
  1084 | D:2      | Reached XP level 3. HP: 19/19 MP: 5/9
  1632 | D:2      | Reached XP level 4. HP: 24/24 MP: 8/11
  1638 | D:2      | Learned a level 4 spell: Iskenderun's Mystic Blast
  2404 | D:3      | Noticed Robin
  2406 | D:3      | Reached skill level 4 in Spellcasting
  2416 | D:3      | Killed Robin
  2562 | D:3      | Found a runed door.
  2566 | D:3      | Noticed Crazy Yiuf
  2570 | D:3      | Killed Crazy Yiuf
  2670 | D:3      | Reached XP level 5. HP: 25/28 MP: 2/13
  2681 | D:3      | Learned a level 4 spell: Fulminant Prism
  3257 | D:3      | Reached skill level 5 in Spellcasting
  3531 | D:4      | Noticed an ogre
  3534 | D:4      | Killed an ogre
  3534 | D:4      | Reached XP level 6. HP: 32/32 MP: 5/16
  3688 | D:4      | Found a staircase to the Ecumenical Temple.
  3697 | Temple   | Entered the Ecumenical Temple
  3882 | Temple   | Became a worshipper of Vehumet
  4150 | D:4      | Reached skill level 6 in Spellcasting
  4790 | D:4      | Noticed a moth of wrath
  4794 | D:4      | Found a bloodstained altar of Trog.
  4953 | D:4      | Reached XP level 7. HP: 36/36 MP: 10/18
  5017 | D:4      | Learned a level 4 spell: Force Lance
  5021 | D:4      | Learned a level 3 spell: Dazzling Spray
  5646 | D:5      | Entered Level 5 of the Dungeon
  5698 | D:5      | Noticed a dagger
  5698 | D:5      | Noticed a dagger
  5779 | D:5      | Reached skill level 7 in Spellcasting
  5779 | D:5      | Reached skill level 1 in Hexes
  5837 | D:5      | Reached * piety under Vehumet
  5837 | D:5      | Offered knowledge of Sting by Vehumet.
  5837 | D:5      | Reached skill level 1 in Staves
  5837 | D:5      | Reached skill level 8 in Spellcasting
  5861 | D:5      | Found a sand-covered staircase.
  5871 | Ossuary  | Entered an ossuary
  6060 | Ossuary  | Reached XP level 8. HP: 41/42 MP: 4/22
  6384 | D:5      | Found a basalt altar of Yredelemnul.
  6489 | D:5      | Reached skill level 1 in Fighting
  6704 | D:5      | Found a shadowy altar of Dithmenos.
  6705 | D:5      | Reached skill level 9 in Spellcasting
  6939 | D:5      | Found a hide-covered altar of Uskayaw.
  7044 | D:5      | Noticed Duvessa
  7044 | D:5      | Noticed Dowan
  7047 | D:5      | Killed Dowan
  7051 | D:5      | Killed Duvessa
  7671 | D:6      | Found a burning altar of Makhleb.
  7802 | D:6      | Reached skill level 10 in Spellcasting
  7987 | D:6      | Reached XP level 9. HP: 47/47 MP: 18/25
  8071 | D:6      | Offered knowledge of Flame Tongue by Vehumet.
  8080 | D:6      | Learned a level 1 spell: Flame Tongue
  8143 | D:6      | Reached ** piety under Vehumet
  8280 | D:6      | Learned a level 2 spell: Blink
  8283 | D:6      | Learned a level 2 spell: Call Imp
  8287 | D:6      | Learned a level 3 spell: Conjure Flame
  8292 | D:6      | Learned a level 3 spell: Mephitic Cloud
  8895 | D:7      | Found a huge runed gate.
  8895 | D:7      | Found a huge runed gate.
  8896 | D:7      | Found a huge runed gate.
  8896 | D:7      | Noticed a polar bear
  8901 | D:7      | Found a huge runed gate.
  8901 | D:7      | Noticed a polar bear
  8901 | D:7      | Noticed a polar bear
  8903 | D:7      | Noticed a polar bear
  8909 | D:7      | Noticed a polar bear
  8910 | D:7      | Noticed a polar bear
  9053 | D:7      | Reached skill level 1 in Summonings
  9070 | D:7      | Reached skill level 11 in Spellcasting
  9620 | D:7      | Reached skill level 5 in Stealth
 10409 | D:8      | Noticed Harold
 10427 | D:8      | Reached skill level 12 in Spellcasting
 10427 | D:8      | Reached skill level 1 in Translocations
 10643 | D:8      | Reached XP level 10. HP: 32/52 MP: 13/28
 10813 | D:8      | Offered knowledge of Throw Flame by Vehumet.
 10904 | D:8      | Learned a level 2 spell: Throw Flame
 11009 | D:8      | Gained mutation: You evolve. [potion of mutation]
 11009 | D:8      | Gained mutation: Your body sometimes deteriorates upon
                  | taking damage. [potion of mutation]
 11009 | D:8      | Gained mutation: You have sharp toenails. [potion of
                  | mutation]
 11016 | D:8      | Killed Harold
 11016 | D:8      | Reached skill level 1 in Fire Magic
 11020 | D:8      | Reached skill level 1 in Poison Magic
 11412 | D:8      | Noticed edsrzf's ghost (novice TrAr)
 11414 | D:8      | Found a runed door.
 11899 | D:9      | Found a shattered altar of Ashenzari.
 11987 | D:9      | Reached *** piety under Vehumet
 12006 | D:9      | Reached skill level 5 in Dodging
 12424 | D:9      | Found a runed door.
 12424 | D:9      | Found a shimmering altar of Xom.
 12424 | D:9      | Noticed a glowing flail
 12424 | D:9      | Noticed NervFog's ghost (journeyman TeAE)
 12429 | D:9      | Reached skill level 13 in Spellcasting
 12498 | D:9      | Found a staircase to the Lair.
 12509 | D:9      | Noticed Erica
 12551 | D:9      | Killed Erica
 12883 | D:9      | Gained mutation: You are resistant to hostile enchantments.
                  | (MR+) [evolution]
 13136 | D:10     | Entered Level 10 of the Dungeon
 13282 | D:10     | Upgraded the game from 0.23-a0-339-gbd7f2c8 to
                  | 0.23-a0-358-g98c7a59
 13466 | D:10     | Offered knowledge of Stone Arrow by Vehumet.
 13847 | D:10     | Noticed Joseph
 13858 | D:10     | Killed Joseph
 13882 | D:10     | Found a staircase to the Orcish Mines.
 13896 | Orc:1    | Entered Level 1 of the Orcish Mines
 14142 | D:10     | Reached skill level 14 in Spellcasting
 14542 | D:10     | Reached skill level 5 in Summonings
 14687 | D:11     | Noticed a gargoyle
 14723 | D:11     | Killed a gargoyle
 14723 | D:11     | Reached skill level 10 in Conjurations
 14723 | D:11     | Reached XP level 11. HP: 44/56 MP: 22/31
 15060 | D:11     | HP: 1/56 [troll (8)]
 15060 | D:11     | Slain by a troll

Vault maps used:
D:1:      eino_arrival_tree_alley, chequers_decorated_corner,
          minmay_gold_behind_fungi, chequers_serial_rivers_large_a
D:2:      serial_bayou_pond_a, chequers_serial_rivers_micro_e
D:3:      uniq_crazy_yiuf_cottage, uniq_robin
D:4:      temple_fountains, minmay_misc_feat_iff, tgw_trog
D:5:      yredelemnul_altar_generic, dancing_weapons_uskayaw, first_ration,
          nicolae_ossuary_entry_ruins, st_stairs_1,
          grunt_dithmenos_smoke_and_mirrors, uniq_duvessa
D:6:      kennysheep_little_box
D:7:      lemuel_bear_cage
D:8:      hellmonk_ghost_happy_afterlife, uniq_harold
D:9:      lemuel_doored_altar, lair_entry_dummy, ebering_ghost_xom,
          hangedman_little_slice_of_home, minmay_unpleasant_kobolds, uniq_erica
D:10:     orc_0_dummy, uniq_joseph
Temple:   dpeg_five_rooms_temple
Orc:1:    lemuel_statue_altar
Ossuary:  ossuary_crypta

Skill      XL: |  1  2  3  4  5  6  7  8  9 10 |
---------------+-------------------------------+-----
Conjurations   | 5 6 7 8 9 10 | 10.0
Spellcasting   | 4 5 6 8 10 12 14 | 14.2
Stealth        | 3 4 5 |  5.7
Hexes          | 1 2 |  2.7
Staves         | 1 2 3 |  3.0
Dodging        | 3 4 5 |  5.9
Fighting       | 1 |  1.4
Summonings     | 3 5 |  5.3
Translocations | 1 2 |  2.8
Fire Magic     | 1 |  1.9
Poison Magic   | 1 |  1.2
Unarmed Combat | |  0.4
Air Magic      | |  0.4

Action                   |  1- 3 |  4- 6 |  7- 9 | 10-12 || total
-------------------------+-------+-------+-------+-------++-------
Melee: Unarmed           |    10 |       |       |       ||    10
       Quarterstaff      |       |     7 |    24 |    38 ||    69
       Kick              |       |       |       |     2 ||     2
 Cast: Magic Dart        |    44 |    47 |    74 |    36 ||   201
       Searing Ray       |    10 |    21 |    71 |    32 ||   134
       Iskenderun's Myst |       |    14 |     7 |    14 ||    35
       Fulminant Prism   |       |     8 |     6 |     5 ||    19
       Dazzling Spray    |       |       |     4 |     2 ||     6
       Blink             |       |       |    20 |    12 ||    32
       Call Imp          |       |       |    15 |    43 ||    58
       Conjure Flame     |       |       |    10 |     5 ||    15
       Mephitic Cloud    |       |       |     5 |     7 ||    12
       Flame Tongue      |       |       |     2 |       ||     2
       Throw Flame       |       |       |       |    19 ||    19
       Force Lance       |       |       |       |     1 ||     1
  Use: Scroll            |     6 |     2 |    21 |     2 ||    31
       Potion            |       |       |     3 |    14 ||    17
 Stab: Confused          |       |       |     1 |       ||     1
  Eat: Ration            |     1 |     3 |     4 |     3 ||    11
       Chunk             |       |     2 |     6 |     2 ||    10
Armor: Robe              |     2 |     1 |    16 |    12 ||    31
       Skin              |       |       |       |    72 ||    72
Dodge: Dodged            |     4 |    14 |    67 |    81 ||   166

Table legend:
 A = Non-vault XP
 B = Vault XP
 C = Vault XP percentage of total XP
 D = Non-vault monster count
 E = Vault monster count
 F = Vault count percentage of total count
                 A         B        C        D         E       F
            +---------+---------+-------+---------+---------+-------
      Total |    8648 |    2734 |  24.0 |     208 |      50 |  19.4
            +---------+---------+-------+---------+---------+-------
        D:1 |      36 |       0 |   0.0 |      17 |       0 |   0.0
        D:2 |      65 |       0 |   0.0 |      16 |       0 |   0.0
        D:3 |     183 |      73 |  28.5 |      24 |      12 |  33.3
        D:4 |     448 |       9 |   2.0 |      18 |       5 |  21.7
        D:5 |    1062 |     278 |  20.7 |      26 |       4 |  13.3
        D:6 |     693 |       0 |   0.0 |      12 |       0 |   0.0
        D:7 |    1845 |       0 |   0.0 |      34 |       0 |   0.0
        D:8 |    1283 |     966 |  43.0 |      26 |       1 |   3.7
        D:9 |     824 |     734 |  47.1 |      11 |      15 |  57.7
       D:10 |    1416 |     439 |  23.7 |      16 |       1 |   5.9
       D:11 |     790 |       0 |   0.0 |       7 |       0 |   0.0
      Orc:1 |       3 |       0 |   0.0 |       1 |       0 |   0.0
    Ossuary |       0 |     235 | 100.0 |       0 |      12 | 100.0
            +---------+---------+-------+---------+---------+-------
